 Dungeon Crawl Stone Soup version 0.27-a0-203-gd48b2df3c9 (webtiles) character file.

Game seed: 13409553243283404702

44 gimp the Conjurer (level 3, 0/24 HPs)
             Began as a Demonspawn Hedge Wizard on Jan 30, 2021.
             Killed from afar by a white imp (4 damage)
             ... with a puff of frost
             ... on level 2 of the Dungeon.
             The game lasted 00:02:13 (2086 turns).

gimp the Conjurer (Demonspawn Hedge Wizard)         Turns: 2086, Time: 00:02:13

Health: 0/24       AC:  2    Str: 10    XL:     3   Next: 39%
Magic:  0/7        EV: 12    Int: 16    God:
Gold:   42         SH:  0    Dex: 12    Spells: 2/8 levels left

rFire    . . .     SeeInvis .   a - +0 dagger
rCold    . . .     Faith    .   (no shield)
rNeg     . . .     Spirit   .   b - +0 robe
rPois    .         Reflect  .   c - +0 hat
rElec    .         Harm     .   (no cloak)
rCorr    .         Rampage  .   (no gloves)
Will     .....                  (no boots)
Stlth    ++........             (no amulet)
HPRegen  0.08/turn              (no ring)
MPRegen  0.10/turn              (no ring)

@: no status effects
A: hooves 1
a: no special abilities


You were on level 2 of the Dungeon.
You visited 1 branch of the dungeon, and saw 2 of its levels.

You collected 42 gold pieces.

Inventory:

Hand Weapons
 a - a +0 dagger (weapon)
Missiles
 i - 19 poisoned darts
Armour
 b - a +0 robe (worn)
 c - a +0 hat (worn)
Jewellery
 h - an uncursed ring of ice {unknown}
Scrolls
 d - a scroll of enchant armour {unknown}
 e - a scroll of amnesia {unknown}
 f - 4 scrolls of teleportation {unknown}
 j - 2 scrolls of fear {unknown}
 k - 2 scrolls of fog {unknown}
 l - a scroll of identify {unknown}
Potions
 g - a potion of ambrosia {unknown}


   Skills:
 - Level 1.7 Dodging
 - Level 1.7 Stealth
 + Level 3.0 Spellcasting
 * Level 3.2 Conjurations
 - Level 1.0 Summonings
 - Level 0.8 Translocations
 + Level 0.1 Air Magic
 + Level 0.2 Poison Magic


You had 2 spell levels left.
You knew the following spells:

 Your Spells              Type           Power        Failure   Level
a - Magic Dart            Conj           48%          4%          1
b - Blink                 Tloc           N/A          21%         2
c - Mephitic Cloud        Conj/Pois/Air  6%           34%         3

Your spell library contained the following spells:

 Spells                   Type           Power        Failure   Level
 Call Imp                 Summ           5%           19%         2
 Slow                     Hex            2%           28%         2
 Conjure Flame            Conj/Fire      7%           28%         3


Dungeon Overview and Level Annotations

Branches:
Dungeon (2/15)

Altars:


Innate Abilities, Weirdness & Mutations

You have large cloven feet.


Message History

Aim: a white imp (heavily wounded, 0% to evade)
The magic dart hits the white imp but does no damage.
The white imp is heavily wounded.
The white imp hits you. The white imp freezes you.
* * * LOW HITPOINT WARNING * * *
You take 9 damage, and have 4/24 hp.
MASSIVE DAMAGE!!
You now have 1/7 mp.
Casting: Magic Dart (safe; 4% risk of failure)
Confirm with . or Enter, or press ? or * to list all spells.
Aiming: Magic Dart (safe; 4% risk of failure)
Press: ? - help, Shift-Dir - straight line, f/p - white imp
Aim: a white imp (heavily wounded, 0% to evade)
The magic dart hits the white imp but does no damage.
The white imp is heavily wounded.
The white imp closely misses you.
You now have 0/7 mp.
You hit the white imp but do no damage.
The white imp is heavily wounded.
The white imp gestures at you. The puff of frost hits you.
You die...

#.........†###
#.#...####### #
#..........(.# #.#...# #
##########.#.#####.#...#
# #.#.........#.# #
##### #.#.......#.#.#
###...###.##.##.....#.#
#.....'...##..........#
#.###.#########.#######
### ### #.5@.# #.#### ..
##


You could see a white imp.

Vanquished Creatures
  An adder (D:2)
  A worm (D:2)
  2 dart slugs
  6 bats
  2 giant cockroaches
  6 goblins
  5 hobgoblins
  A ball python (D:1)
  2 frilled lizards
  2 kobolds
28 creatures vanquished.

Notes
Turn   | Place    | Note
-------+----------+-------------------------------------------
     0 | D:1      | gimp the Demonspawn Hedge Wizard began the quest for the
                  | Orb.
     0 | D:1      | Reached XP level 1. HP: 13/13 MP: 4/4
   471 | D:1      | Gained mutation: You have large cloven feet. [demonic
                  | ancestry]
   471 | D:1      | Reached XP level 2. HP: 19/19 MP: 1/6
  1629 | D:2      | Reached XP level 3. HP: 18/24 MP: 2/7
  1633 | D:2      | Learned a level 2 spell: Blink
  1637 | D:2      | Learned a level 3 spell: Mephitic Cloud
  2086 | D:2      | Killed from afar by a white imp

Illustrated notes

Levels and vault maps discovered:
D:1:      wander_arrival_chamber, layout_basic
D:2:      layout_basic, fedhas_altar_3, marbit_many_paths

Skill      XL: |  1  2 |
---------------+-------+-----
Conjurations   | 2 3 |  3.2
Dodging        | |  1.7
Stealth        | |  1.7
Spellcasting   | |  3.0
Summonings     | |  1.0
Translocations | |  0.8
Air Magic      | |  0.1
Poison Magic   | |  0.2

Action                   || total
-------------------------++-------
Melee: Dagger            ||    34
       Kick              ||     2
 Cast: Magic Dart        ||    83
 Stab: Sleeping          ||     1
Armor: Robe              ||     6
Dodge: Dodged            ||    38

Table legend: (Time is in decaauts)
 A = Elapsed time spent in this place.
 B = Non-inter-level travel time spent in this place.
 C = Inter-level travel time spent in this place.
 D = Time resting spent in this place.
 E = Time spent auto-exploring this place.
 F = Levels seen in this place.
 G = Mean time per level.
                   A        B        C        D        E       F      G
               +--------+--------+--------+--------+--------+-----+--------+
         Total |   2086 |   2026 |     60 |    189 |   1616 |   2 | 1043.0 |
       Dungeon |   2086 |   2026 |     60 |    189 |   1616 |   2 | 1043.0 |
               +--------+--------+--------+--------+--------+-----+--------+

Top non-repeatable levels by time:
     D:1: 1483 daAuts
     D:2: 603 daAuts
